 Dungeon Crawl Stone Soup version 0.29-a0-824-gd827844252 (webtiles) character file.

Game seed: 16192505192404979192

7 coolguy69 the Cutter (level 2, -2/16 HPs)
             Began as a Vine Stalker Monk on July 10, 2022.
             Slain by a jackal (3 damage)
             ... on level 1 of the Dungeon.
             The game lasted 00:00:13 (173 turns).

coolguy69 the Cutter (Vine Stalker Monk)             Turns: 173, Time: 00:00:14

Health: -2/16      AC:  2    Str: 13    XL:     2   Next: 0%
Magic:  0/3        EV: 12    Int: 10    God:
Gold:   7          SH:  0    Dex: 16    Spells: 1/1 levels left

rFire   . . .      SeeInvis .   a - +0 short sword
rCold   . . .      Faith    .   (no shield)
rNeg    . . .      Spirit   +   b - +0 robe
rPois   .          Reflect  .   (no helmet)
rElec   .          Harm     .   (no cloak)
rCorr   .          Rampage  .   (no gloves)
Will    .....                   (no boots)
Stlth   ++........              (no amulet)
HPRegen 0.05/turn               (no ring)
MPRegen 0.08/turn               (no ring)

@: no status effects
A: fangs 2, magic shield, antimagic bite, no potion heal 2
a: no special abilities


You were on level 1 of the Dungeon.
You visited 1 branch of the dungeon, and saw 1 of its levels.

You collected 7 gold pieces.

Inventory:

Hand Weapons
 a - a +0 short sword (weapon)
Armour
 b - a +0 robe (worn)
Scrolls
 d - a scroll of poison {unknown}
 e - a scroll of amnesia {unknown}
 f - a scroll of fog {unknown}
Potions
 c - a potion of ambrosia


   Skills:
 + Level 2.8 Fighting
 + Level 2.9 Short Blades
 + Level 2.5 Dodging
 + Level 2.4 Stealth


You had one spell level left.
You didn't know any spells.
Your spell library contained the following spells:

 Spells                   Type           Power      Damage    Failure   Level
 Sublimation of Blood     Necr           0%         N/A       50%         2
 Wereblood                Tmut           0%         N/A       50%         2
 Summon Hydra             Summ           0%         N/A       100%        7


Dungeon Overview and Level Annotations

Branches:
Dungeon (1/15)

Altars:


Innate Abilities, Weirdness & Mutations

You have extremely sharp teeth.
When hurt, damage is shared between your health and your magic reserves.
Your bite disrupts and absorbs the magic of your enemies.
Potions cannot restore your health.


Message History

The jackal closely misses you. The ball python closely misses you.
The ball python constricts you.
You escape the ball python's grasp.
The ball python bites you. The ball python barely misses you.
The jackal attacks as you move away! The jackal closely misses you.
The jackal barely misses you. The ball python bites you.
The ball python grabs you. The ball python constricts you.
You escape the ball python's grasp.
The jackal misses you. The jackal bites you.
* * * LOW HITPOINT WARNING * * *
The jackal closely misses you.
Found a leather armour and an emerald potion.
The jackal attacks as you move away! The jackal closely misses you.
The jackal attacks as you move away! The jackal completely misses you.
The jackal barely misses you. The jackal attacks as you move away!
The jackal barely misses you. The jackal bites you.
* * * LOW HITPOINT WARNING * * *
The jackal closely misses you. x2
The jackal attacks as you move away! The jackal bites you.
You hit the jackal. You punch the jackal.
The jackal is almost dead.
The jackal bites you.
* * * LOW HITPOINT WARNING * * *
You hit the jackal but do no damage.
The jackal is almost dead.
The jackal barely misses you.
You miss the jackal. You bite the jackal. You drain its power.
You feel invigorated.
The jackal is heavily wounded.
The jackal bites you.
You hit the jackal.
You kill the jackal!
You hit the jackal.
You kill the jackal!
The jackal barely misses you.
You have reached level 2!
You miss the jackal. The jackal closely misses you.
You hit the jackal but do no damage. The jackal bites you.
You die...

.........# #.......#
#.......####.......#
...................#
##.......##.#....#
#.......##...##...#
#....h....†..# #..#
##Sh.........####.8
#h####............
##@# #......######
#....###............
#....+.............
#....####......####
............#..##..
#.........####..#.###
#.........####..+.+ #
#...............#.###
....#######...##...


You could see 2 jackals and a ball python.

Vanquished Creatures
  A giant cockroach (D:1)
  2 jackals (D:1)
  2 ball pythons (D:1)
  A rat (D:1)
6 creatures vanquished.

Notes
Turn   | Place    | Note
-------+----------+-------------------------------------------
     0 | D:1      | coolguy69 the Vine Stalker Monk began the quest for the
                  | Orb.
     0 | D:1      | Reached XP level 1. HP: 11/11 MP: 2/2
   172 | D:1      | Reached XP level 2. HP: 1/16 MP: 0/3
   173 | D:1      | Slain by a jackal

Illustrated notes

Levels and vault maps discovered:
D:1:      minmay_arrival_stone_box, layout_basic,
          dreamdust_ecumenical_altar_angels_and_demons,
          minmay_misc_feat_more_columns

Action                   || total
-------------------------++-------
Melee: Short sword       ||    18
       Bite              ||     6
       Punch             ||     1
 Stab: Sleeping          ||     1
Armor: Robe              ||     1
Dodge: Dodged            ||    26

Table legend: (Time is in decaauts)
 A = Elapsed time spent in this place.
 B = Non-inter-level travel time spent in this place.
 C = Inter-level travel time spent in this place.
 D = Time resting spent in this place.
 E = Time spent auto-exploring this place.
 F = Levels seen in this place.
 G = Mean time per level.
                   A        B        C        D        E       F      G
               +--------+--------+--------+--------+--------+-----+--------+
         Total |    172 |    172 |      0 |      0 |    123 |   1 |  172.0 |
       Dungeon |    172 |    172 |      0 |      0 |    123 |   1 |  172.0 |
               +--------+--------+--------+--------+--------+-----+--------+

Top non-repeatable levels by time:
     D:1: 172 daAuts
